AoeStats
← Aqualava

Arena

510032073Analyzed
2v2 RM · 4d ago on Sep 29, 2026· 70m 11s· 4 players
Game mode
Random Map
Map size
Medium (4 player)
Population
200
Speed
Normal
Resources
Standard
Victory
Conquest
Starting age
Dark Age
Ending age
Imperial Age
RankedLock teamsTeams togetherTeam positionsShared explorationLock speedFull tech treeHidden civsTurbo modeCheats
Victory
Defeat
🇺🇸 Franks · United States
1106
+13
🇲🇽 Burmese · Mexico
1104
+13
🇧🇴 Spanish · Bolivia
1049
-13
🇧🇴 Aztecs · Bolivia
1040
-13
Thorin escudo de Roble
9:50 Feudal Age
15:47 Castle Age
14:18 Stone Mining
14:36 Horse Collar
16:37 Wheelbarrow
20:53 Gold Mining
22:46 Hand Cart
23:54 Gold Shaft Mining
23:22 Heavy Plow
28:47 Imperial Age
26:58 Forging
26:48 Gambesons
27:14 Squires
27:25 Scale Mail Armor
26:54 Man-at-Arms
28:24 Iron Casting
27:46 Arson
27:46 Long Swordsman
28:52 Chain Mail Armor
29:02 Ballistics
28:59 Capped Ram
29:10 Two-Handed Swordsman
30:54 Blast Furnace
30:44 Conscription
32:28 Plate Mail Armor
32:54 Champion
38:36 Fletching
38:47 Padded Archer Armor
39:51 Siege Engineers
39:43 Bodkin Arrow
39:23 Elite Skirmisher
41:02 Bracer
49:15 Chemistry
52:26 Scale Barding Armor
52:25 Howdah
52:26 Manipur Cavalry
53:31 Bloodlines
53:22 Husbandry
52:43 Elite Battle Elephant
57:44 Chain Barding Armor
EARLYRUSH
10:45 Feudal Age
10:51 Feudal Age
15:30 Castle Age
14:28 Double-Bit Axe
15:34 Stone Mining
20:48 Loom
22:01 Wheelbarrow
21:51 Elite Skirmisher
25:40 Gold Mining
26:04 Bow Saw
32:51 Imperial Age
30:45 Hand Cart
31:38 Gold Shaft Mining
32:06 Padded Archer Armor
31:56 Fletching
33:32 Leather Archer Armor
33:12 Bodkin Arrow
40:54 Chemistry
55:16 Town Watch
58:40 Pikeman
58:44 Cavalier
63:07 Conscription
65:02 Cranequins
65:43 Heavy Mounted Crossbowman
67:07 Squires
Aqualava
3:08 Loom
11:07 Feudal Age
17:02 Castle Age
15:33 Double-Bit Axe
15:58 Horse Collar
21:13 Wheelbarrow
25:03 Sanctity
25:01 Fervor
26:50 Bow Saw
27:29 Squires
27:58 Gold Mining
27:58 Stone Mining
27:55 Town Watch
29:00 Scale Mail Armor
29:30 Redemption
29:39 Redemption
29:43 Forging
30:34 Chain Mail Armor
31:38 Iron Casting
35:57 Imperial Age
34:24 Gold Shaft Mining
34:05 Arson
37:02 Conscription
38:14 Blast Furnace
38:07 Plate Mail Armor
37:13 Elite Jaguar Warrior
38:12 Elite Jaguar Warrior
41:59 Garland Wars
44:04 Hand Cart
43:26 Eagle Warrior
50:32 Garland Wars
59:12 Pikeman
Fanto
5:06 Loom
11:49 Feudal Age
16:45 Castle Age
14:47 Horse Collar
15:33 Double-Bit Axe
20:27 Heavy Plow
24:29 Wheelbarrow
28:27 Bow Saw
32:43 Imperial Age
31:13 Hand Cart
35:08 Two-Man Saw
40:16 Chemistry
39:56 Town Watch
41:07 Town Patrol
44:19 Conscription
44:48 Gold Mining
44:49 Stone Mining
47:13 Ballistics
46:47 Onager
48:56 Light Cavalry
49:50 Forging
50:13 Hussar
51:04 Bloodlines
51:33 Iron Casting
50:59 Scale Mail Armor
51:48 Scale Barding Armor
54:01 Blast Furnace
59:00 Chain Barding Armor
61:40 Chain Mail Armor
62:00 Plate Barding Armor
63:40 Cavalier
63:50 Pikeman
64:37 Fletching
64:50 Halberdier
70:03 Man-at-Arms
Connection lost

Rejoining the realm…

Still unreachable

The connection could not be restored.

Session expired

The server has moved on; the page needs a fresh start.